[Event "2nd Goa GM Open 2019"]
[Site "Goa"]
[Date "2019.06.25"]
[Round "10.26"]
[White "Sidhant, Mohapatra"]
[Black "Neverov, Valeriy"]
[Result "1/2-1/2"]
[ECO "B51"]
[WhiteElo "2351"]
[BlackElo "2470"]
[Annotator "ChessBase"]
[PlyCount "76"]
[EventDate "2019.06.17"]
[EventType "swiss"]
[EventCountry "IND"]
[SourceTitle "playchess.com"]
[Source "ChessBase"]
[SourceQuality "1"]
[TimeControl "5400+30"]

1. e4 c5 2. Nf3 d6 3. Bb5+ Nd7 4. O-O a6 5. Bd3 Ngf6 6. c3 b5 7. Bc2 Bb7 8. Re1 Rc8 9. a4 b4 10. d3 g6 11. a5 bxc3 12. bxc3 Bg7 13. Nbd2 O-O 14. h3 Ne8 15. d4 Nc7 16. Bd3 Nb5 17. Bb2 Ba8 18. Qb3 Rb8 19. Qa2 e5 20. d5 f5 21. c4 Nd4 22. Bxd4 cxd4 23. Qc2 Nc5 24. Ra3 Qf6 25. Nb3 Nxd3 26. Qxd3 Bb7 27. Nbd2 Bc8 28. Rb3 Rxb3 29. Qxb3 Bh6 30. Qb6 Bf4 31. c5 dxc5 32. Qxc5 Bd7 33. Qc7 Bb5 34. exf5 gxf5 35. Nb3 Rf7 36. Qb8+ Rf8 37. Qc7 Rf7 38. Qb8+ Rf8 1/2-1/2

[Event "2nd Goa GM Open 2019"]
[Site "Goa"]
[Date "2019.06.25"]
[Round "10.27"]
[White "Nguyen, Van Huy"]
[Black "Saurabh Anand"]
[Result "1/2-1/2"]
[ECO "E04"]
[WhiteElo "2456"]
[BlackElo "2351"]
[Annotator "ChessBase"]
[PlyCount "71"]
[EventDate "2019.06.17"]
[EventType "swiss"]
[EventCountry "IND"]
[SourceTitle "playchess.com"]
[Source "ChessBase"]
[SourceQuality "1"]
[TimeControl "5400+30"]

1. d4 d5 2. Nf3 Nf6 3. c4 e6 4. g3 dxc4 5. Bg2 a6 6. O-O Nc6 7. e3 Bd7 8. Qe2 Bd6 9. Rd1 O-O 10. Qxc4 Rb8 11. Nbd2 Qe7 12. b3 e5 13. Bb2 e4 14. Ne5 Nxe5 15. dxe5 Bxe5 16. Bxe5 Qxe5 17. Nxe4 Nxe4 18. Qxe4 Qxe4 19. Bxe4 Rfd8 20. Rd4 Kf8 21. Rad1 Ke7 22. f4 h6 23. Bf3 f6 24. Kf2 c6 25. Re4+ Kf8 26. Red4 Ke7 27. Re4+ Kf8 28. b4 Bf5 29. Red4 Rxd4 30. Rxd4 Ke7 31. e4 Be6 32. a4 Rc8 33. e5 fxe5 34. fxe5 b5 35. axb5 axb5 36. Rd6 1/2-1/2

[Event "2nd Goa GM Open 2019"]
[Site "Goa"]
[Date "2019.06.25"]
[Round "10.28"]
[White "Pranav Anand"]
[Black "Himanshu, Sharma"]
[Result "1/2-1/2"]
[ECO "D11"]
[WhiteElo "2340"]
[BlackElo "2446"]
[Annotator "NA"]
[PlyCount "94"]
[EventDate "2019.06.17"]
[EventType "swiss"]
[EventCountry "IND"]
[SourceTitle "playchess.com"]
[Source "ChessBase"]
[SourceQuality "1"]
[TimeControl "5400+30"]

1. d4 Nf6 2. c4 c6 3. Nf3 d5 4. e3 a6 5. Nbd2 Bf5 6. Nh4 Bg6 7. Be2 e6 8. O-O Nbd7 9. g3 Be7 10. Nxg6 hxg6 11. b3 Qa5 12. a3 Rd8 13. b4 Qc7 14. Bb2 e5 15. cxd5 Nxd5 16. dxe5 Nxe5 17. Qc2 Nf6 18. Nc4 Neg4 19. Rfd1 Rd5 20. Bxf6 Nxf6 21. e4 Rxd1+ 22. Rxd1 Qc8 23. f4 Ng4 24. Bxg4 Qxg4 25. Ne5 Qe6 26. Rd7 Bf6 27. Rxb7 Bxe5 28. fxe5 O-O 29. Rc7 Qxe5 30. Rxc6 Qa1+ 31. Kg2 Qxa3 32. Qc4 a5 33. bxa5 Qxa5 34. Rxg6 Qd2+ 35. Kh3 Qd7+ 36. Rg4 Rd8 37. Qc3 Qd4 38. Qxd4 Rxd4 39. Rf4 Rd2 40. g4 Re2 41. g5 Kh7 42. Kg3 Kg6 43. h4 Re1 44. Kf3 Rf1+ 45. Ke3 Re1+ 46. Kd4 Rd1+ 47. Ke3 Re1+ 1/2-1/2